[Event "Late-Titled-Tuesday-Blitz-October-03-2023"]
[Site "Chess.com"]
[Date "2023.10.03"]
[Round "3"]
[White "Nick12772"]
[Black "Bodhanas"]
[Result "1/2-1/2"]
[WhiteElo "2359"]
[BlackElo "2129"]
[TimeControl "180+1"]
[EndTime "14:26:18 PDT"]
[Termination "Game drawn by stalemate"]

1. Nf3 Nf6 2. g3 b6 3. Bg2 Bb7 4. O-O e6 5. c4 Be7 6. Nc3 O-O 7. b3 d5 8. cxd5 Nxd5 9. Nxd5 Bxd5 10. Bb2 Nd7 11. Qc2 Bf6 12. Rac1 Bxb2 13. Qxb2 c5 14.
Rfd1 Rc8 15. d4 Bxf3 16. Bxf3 Qf6 17. Qd2 cxd4 18. Rxc8 Rxc8 19. Qxd4 Qxd4 20. Rxd4 Nf6 21. g4 h6 22. h4 g5 23. hxg5 hxg5 24. Ra4 Rc7 25.
Kg2 Kg7 26. Rb4 Nd7 27. Rb5 f6 28. a4 Rc5 29. Rb4 Ne5 30. Rd4 Rc3 31. b4 Rc4 32. Rxc4 Nxc4 33. Kf1 f5 34. gxf5 exf5 35. Ke1 Kf6 36.
Bc6 Ke5 37. Kd1 g4 38. e3 g3 39. Ke2 gxf2 40. Kxf2 f4 41. exf4+ Kxf4 42. Ke2 Ne5 43. Bg2 Kf5 44. Ke3 Ke6 45. Kd4 Kd6 46. a5 bxa5 47. bxa5 Nc6+ 48. Bxc6 Kxc6 49. Kc4 a6 50. Kb4 Kd5 51. Ka4 Kc5 52. Ka3 Kb5 53. Ka2 Kxa5 54. Ka1 Kb4 55. Kb1 a5 56. Ka1 a4 57. Kb1 a3 58. Ka1 Kb3 59. Kb1 a2+ 60. Ka1 Ka3 1/2-1/2

[Event "Late-Titled-Tuesday-Blitz-October-03-2023"]
[Site "Chess.com"]
[Date "2023.10.03"]
[Round "3"]
[White "Aariow"]
[Black "JoakimVonAnd"]
[Result "0-1"]
[WhiteElo "2474"]
[BlackElo "2719"]
[TimeControl "180+1"]
[EndTime "14:26:19 PDT"]
[Termination "JoakimVonAnd won by resignation"]

1. d4 Nf6 2. c4 c5 3. d5 e6 4. Nc3 exd5 5. cxd5 d6 6. e4 g6 7. f4 Bg7 8. Bb5+ Nfd7 9. Nf3 O-O 10. O-O a6 11.
Bd3 b5 12. a3 c4 13. Bc2 Nc5 14. Kh1 Nbd7 15. f5 Ne5 16. Bg5 f6 17. Be3 Ncd3 18. Nxe5 Nxe5 19. Ne2 Re8 20. Nd4 Nd3 21. Bxd3 cxd3 22.
Nc6 Qd7 23. Qxd3 gxf5 24. exf5 Bb7 25. Na5 Re5 26. Nxb7 Qxb7 27. Rad1 Rae8 28. Bf4 Re2 29. Bxd6 Rxb2 30. Bb4 Kh8 31. Rd2 Rxd2 32. Qxd2 Rd8 33. d6 Qc6 34. Rc1 Qe4 35. d7 Qxf5 36. Be7 Rxd7 37.
Rc8+ Bf8 38. Qe2 Qb1+ 0-1

[Event "Late-Titled-Tuesday-Blitz-October-03-2023"]
[Site "Chess.com"]
[Date "2023.10.03"]
[Round "3"]
[White "Arteler"]
[Black "Nekoo04"]
[Result "1-0"]
[WhiteElo "2625"]
[BlackElo "2285"]
[TimeControl "180+1"]
[EndTime "14:26:20 PDT"]
[Termination "Arteler won by resignation"]

1. e4 c5 2. Nf3 d6 3. Bb5+ Bd7 4. Bxd7+ Qxd7 5. O-O Nc6 6. c3 Nf6 7. d4 cxd4 8. cxd4 d5 9. exd5 Nxd5 10. Ne5 Nxe5 11.
dxe5 e6 12. Qg4 g6 13. Nc3 Nxc3 14. bxc3 Bg7 15. Rd1 Qc6 16. Ba3 Bxe5 17. Qg5 Qc7 18. Rd3 f6 19. Qh4 Rd8 20. Rad1 Rxd3 21. Rxd3 Kf7 22.
g3 h5 23. Qb4 Rc8 24. h4 a5 25.
Qb5 Qc6 26. Rd7+ Kg8 27. Qd3 Bc7 28. Qxg6+ 1-0

[Event "Late-Titled-Tuesday-Blitz-October-03-2023"]
[Site "Chess.com"]
[Date "2023.10.03"]
[Round "3"]
[White "Gyulamiryan-koryun"]
[Black "MathiasCasalaspro"]
[Result "0-1"]
[WhiteElo "1985"]
[BlackElo "2336"]
[TimeControl "180+1"]
[EndTime "14:26:21 PDT"]
[Termination "MathiasCasalaspro won on time"]

1. e4 c6 2. Nc3 d5 3. Nf3 dxe4 4. Nxe4 Nf6 5. Ng3 h5 6. Be2 h4 7.
Nf1 h3 8. g3 Bg4 9. Ne3 Bxf3 10.
Bxf3 e6 11. b3 Nbd7 12. Bb2 Qc7 13. Qe2 Ne5 14. O-O-O O-O-O 15. Nc4 Nxf3 16. Qxf3 b5 17. Ne5 Rd5 18. Rhe1 Bd6 19. Ng4 Rf5 20. Qe2 Kb7 21. Nxf6 gxf6 22. f4 Be7 23. Qe4 Rd5 24. d4 f5 25. Qd3 Rhd8 26. c4 bxc4 27. Qxc4 c5 28. Qb5+ Qb6 29. Qxb6+ axb6 30. dxc5 Rxd1+ 31. Rxd1 Rxd1+ 32. Kxd1 Bxc5 33. Ke2 Kc6 0-1

[Event "Late-Titled-Tuesday-Blitz-October-03-2023"]
[Site "Chess.com"]
[Date "2023.10.03"]
[Round "3"]
[White "Nor1lsk"]
[Black "FabianoCaruana"]
[Result "0-1"]
[WhiteElo "2725"]
[BlackElo "3065"]
[TimeControl "180+1"]
[EndTime "14:26:22 PDT"]
[Termination "FabianoCaruana won by resignation"]

1. e4 Nf6 2. e5 Nd5 3. c4 Nb6 4. a4 d6 5. a5 N6d7 6. exd6 exd6 7. d4 Be7 8. Nc3 O-O 9. Bd3 Nc6 10. Nge2 a6 11.
O-O Nf6 12. h3 Re8 13. b3 h6 14. Bb2 d5 15. cxd5 Nb4 16. Bc4 Bf5 17. Qd2 Bd6 18.
Ba3 Qd7 19. Na4 Ne4 20. Qb2 Bxh3 21. f3 Ng5 22. Nc5 Bxc5 23. dxc5 Nxd5 24. gxh3 Ne3 25. Nf4 Qf5 26. Qh2 Qxf4 27. Qxf4 Nxh3+ 28. Kh2 Nxf4 29. Rg1 Nxc4 30. bxc4 Re2+ 31. Kg3 g5 32. Kg4 Rae8 33. Rab1 R8e5 34. Rxb7 f5+ 35. Kg3 h5 0-1

[Event "Late-Titled-Tuesday-Blitz-October-03-2023"]
[Site "Chess.com"]
[Date "2023.10.03"]
[Round "3"]
[White "Joshukid"]
[Black "pirulillo"]
[Result "1-0"]
[WhiteElo "2557"]
[BlackElo "2357"]
[TimeControl "180+1"]
[EndTime "14:26:22 PDT"]
[Termination "Joshukid won on time"]

1. c4 Nf6 2. Nf3 g6 3. b3 Bg7 4. Bb2 O-O 5. g3 c5 6. Bg2 Nc6 7. O-O b6 8. d4 cxd4 9. Nxd4 Bb7 10. Nc3 Nxd4 11. Bxb7 Rb8 12. Bg2 Ne6 13. Qd2 Nc5 14.
Rad1 d6 15. b4 Ncd7 16. Nb5 a6 17. Na7 Qc7 18. Nc6 Rbe8 19. a4 Nb8 20. b5 a5 21.
Bd4 Nbd7 22. h3 Nc5 23. Qc2 Nfd7 24. Bxg7 Kxg7 25. f4 Nf6 26. e4 e5 27. fxe5 dxe5 28.
g4 Nfd7 29. g5 Ne6 30. h4 Ndc5 31. Bh3 Kg8 32. Rf6 Nd4 33. Qg2 Nxc6 34. Rxc6 Qxc6 35.
bxc6 1-0

[Event "Late-Titled-Tuesday-Blitz-October-03-2023"]
[Site "Chess.com"]
[Date "2023.10.03"]
[Round "3"]
[White "Triumphmate"]
[Black "Sacbutt"]
[Result "0-1"]
[WhiteElo "2494"]
[BlackElo "2259"]
[TimeControl "180+1"]
[EndTime "14:26:22 PDT"]
[Termination "Sacbutt won by checkmate"]

1. e4 e5 2. Nf3 Nc6 3. Nc3 Nf6 4. Bb5 Bb4 5. O-O d6 6. d3 h6 7. Nd5 Bc5 8. c3 a6 9. Ba4 b5 10. Bb3 O-O 11. d4 Ba7 12. a4 exd4 13. axb5 axb5 14.
Nxd4 Nxd4 15. cxd4 Bb7 16. Qf3 Nxd5 17. exd5 Bxd4 18.
Rxa8 Qxa8 19. Rd1 Be5 20. Bc2 Bc8 21. Qh5 f5 22. h3 Bd7 23. Be3 Qe8 24. Qf3 Bxb2 25.
g3 Be5 26. Bd4 Bxd4 27. Rxd4 Qe5 28. Rf4 Rf6 29. Qa3 Kh7 30. Qa7 Qxd5 31. Qxc7 Bc6 32. f3 Qc5+ 33. Kf1 Qxc2 34. h4 b4 35. Kg1 b3 36.
Rb4 Qc5+ 37. Rd4 Qxd4+ 38. Kh2 Qd5 39. Qb6 Qxf3 40. Qg1 Qg2+ 41. Qxg2 Bxg2 42. g4 b2 43. Kg3 b1=Q 44. g5 Qd3+ 45. Kf4 hxg5+ 46. Kxg5 Qg3+ 47. Kh5 Qg4# 0-1

[Event "Late-Titled-Tuesday-Blitz-October-03-2023"]
[Site "Chess.com"]
[Date "2023.10.03"]
[Round "3"]
[White "Lion_DL"]
[Black "nitpicker"]
[Result "1-0"]
[WhiteElo "2497"]
[BlackElo "2231"]
[TimeControl "180+1"]
[EndTime "14:26:23 PDT"]
[Termination "Lion_DL won by resignation"]

1. d4 Nf6 2. c4 e6 3. Nf3 b6 4. a3 Bb7 5. Nc3 d5 6. cxd5 Nxd5 7. Qc2 Be7 8. e4 Nxc3 9. bxc3 c5 10. Be3 Qc8 11. Bb5+ Bc6 12. Bxc6+ Nxc6 13. O-O O-O 14. d5 exd5 15. exd5 Na5 16. c4 Nb7 17. Ne5 Bf6 18.
Nc6 Qd7 19. Rae1 Nd8 20. Nxd8 Raxd8 21. Bf4 Rfe8 22. Re3 Bd4 23. Rh3 g6 24. Bg5 f6 25.
Be3 Qg4 26. Rg3 Qe4 27. Qa4 Re7 28. h3 f5 29. Bg5 Rde8 30. Bxe7 Rxe7 31. Qb3 f4 32. Rf3 g5 33. Qd3 Qe2 34. h4 Qxd3 35. Rxd3 h6 36. hxg5 hxg5 37. Rfd1 g4 38. Rxd4 cxd4 39.
Rxd4 g3 40. Kf1 gxf2 41. Kxf2 Re3 42. d6 Re8 43. Rxf4 Rd8 44. Rd4 Kf7 45. Ke3 Ke6 46. Ke4 Rd7 47. g4 Kf6 48. Kf4 1-0

[Event "Late-Titled-Tuesday-Blitz-October-03-2023"]
[Site "Chess.com"]
[Date "2023.10.03"]
[Round "3"]
[White "I_am_Javi"]
[Black "Msb2"]
[Result "0-1"]
[WhiteElo "2748"]
[BlackElo "3070"]
[TimeControl "180+1"]
[EndTime "14:26:25 PDT"]
[Termination "Msb2 won by resignation"]

1. e4 e6 2. Nf3 d5 3. Nc3 Nf6 4.
e5 Nfd7 5. d4 c5 6. Ne2 Nc6 7.
c3 Be7 8. h4 f6 9. Nf4 Ndxe5 10. dxe5 fxe5 11. Nh5 O-O 12. Ng5 h6 13. Qg4 hxg5 14.
hxg5 e4 15. g6 Rf5 16. Qh3 Kf8 17. g4 Rxh5 18. Qxh5 Bf6 19. Bf4 Ke7 20. O-O-O Qf8 21. Qh2 e5 22. g5 exf4 23. gxf6+ Qxf6 24. Rxd5 Be6 25. Rd1 Ne5 26. Qh4 Nf3 27. Qh5 Qe5 28. Qxe5 Nxe5 29. Re1 Bf5 30. Rh5 Kf6 31. Be2 Bxg6 32.
Rhh1 Bf5 33. b3 a5 34. Kb2 a4 35. bxa4 Rxa4 36. a3 Ra8 37. Rd1 Nd3+ 38. Bxd3 exd3 39. c4 Re8 40. Rhe1 Re2+ 41. Kc3 Rc2+ 42. Kb3 Rxf2 43. Re8 g5 44. Rb8 g4 45. Rxb7 g3 46. a4 g2 47. Kc3 Rf1 48. Rbb1 g1=Q 0-1

[Event "Late-Titled-Tuesday-Blitz-October-03-2023"]
[Site "Chess.com"]
[Date "2023.10.03"]
[Round "3"]
[White "chesskov1982"]
[Black "ural58"]
[Result "1-0"]
[WhiteElo "2828"]
[BlackElo "2502"]
[TimeControl "180+1"]
[EndTime "14:26:25 PDT"]
[Termination "chesskov1982 won by resignation"]

1. d4 d5 2. Nc3 Nf6 3. Bf4 a6 4. e3 e6 5. a3 c5 6. Nf3 Nc6 7. Bd3 c4 8. Be2 b5 9. O-O b4 10. axb4 Bxb4 11. Ne5 Nxe5 12. dxe5 Bxc3 13. bxc3 Ne4 14.
Qd4 Qc7 15. f3 Nc5 16. e4 Bb7 17. Bc1 O-O 18. Ba3 Rfc8 19. Rab1 Rab8 20. exd5 exd5 21.
f4 Ne4 22. Bg4 Rd8 23. Bf3 Bc6 24. Rxb8 Qxb8 25. f5 h6 26. e6 fxe6 27. fxe6 Re8 28. Bh5 Rc8 29. Rf7 Nf6 30. Bg6 Qb1+ 31. Kf2 Ba4 32. e7 Qxc2+ 33. Bxc2 Kxf7 34. Bxa4 1-0

[Event "Late-Titled-Tuesday-Blitz-October-03-2023"]
[Site "Chess.com"]
[Date "2023.10.03"]
[Round "3"]
[White "dorpato"]
[Black "rikchessmx"]
[Result "0-1"]
[WhiteElo "2035"]
[BlackElo "2339"]
[TimeControl "180+1"]
[EndTime "14:26:26 PDT"]
[Termination "rikchessmx won on time"]

1. e4 d6 2. d4 c6 3. Nf3 Qc7 4.
Bc4 g6 5. Be3 Bg7 6. c3 b5 7.
Bb3 e6 8. O-O Ne7 9. Nbd2 d5 10.
Re1 a5 11. exd5 cxd5 12. Nf1 O-O 13. Qd2 Nd7 14. Bf4 Qb6 15. Ne5 Nf5 16. Ng3 Nd6 17.
Bh6 a4 18. Bc2 Nxe5 19. dxe5 Nc4 20. Qc1 b4 21. Bxg7 Kxg7 22. b3 Na3 23. cxb4 Qxb4 24.
bxa4 Nxc2 25. Qxc2 Qxa4 26. Qd2 Qh4 27. a3 Ba6 28. Reb1 Rfc8 29. Rb4 Qe7 30. Rg4 Rc4 31. Nh5+ Kh8 32. Rxc4 Bxc4 33. Nf6 Kg7 34. Qg5 Qd8 35. a4 h6 36. Nh5+ Kh7 37. Nf6+ Kg7 38. Qg3 Bb5 39.
Nh5+ Kh8 40. Nf6 Rxa4 41. Rxa4 Bxa4 42. Qh4 Qf8 43. Qxa4 Kg7 44. h3 Qb8 45. Qg4 Qxe5 46. Ne8+ Kf8 0-1

[Event "Late-Titled-Tuesday-Blitz-October-03-2023"]
[Site "Chess.com"]
[Date "2023.10.03"]
[Round "3"]
[White "MajorCoast"]
[Black "Balla_Tamas"]
[Result "1-0"]
[WhiteElo "2260"]
[BlackElo "2444"]
[TimeControl "180+1"]
[EndTime "14:26:27 PDT"]
[Termination "MajorCoast won by resignation"]

1. d4 d5 2. Nf3 Nf6 3. c3 e6 4. Bf4 Bd6 5. Bg3 O-O 6. e3 b6 7. Bd3 c5 8. Nbd2 Ba6 9. Bxa6 Nxa6 10. Qe2 Nb8 11. O-O Nc6 12. Rfd1 Bxg3 13. hxg3 Qe7 14. dxc5 bxc5 15. e4 d4 16. cxd4 cxd4 17. e5 Ng4 18. Nb3 Rfd8 19. Nbxd4 Nb4 20. a3 Nd5 21. Nc6 Qc5 22.
Nxd8 Rxd8 23. Rac1 Qb6 24. Nd4 Nh6 25. Qb5 Qxb5 26.
Nxb5 Rb8 27. Nxa7 Ne7 28. Rd7 Kf8 29. Nc6 Nxc6 30. Rxc6 g6 31. b4 Ra8 32. Rc3 Ng4 33. f4 Ke8 34. Rdc7 Rd8 35. Rc8 f6 36. Rxd8+ Kxd8 37. exf6 Nxf6 38. b5 Ne4 39. Re3 Nd6 40. Rxe6 Nxb5 41.
a4 Nd4 42. Rd6+ Kc7 43. Rxd4 1-0

[Event "Late-Titled-Tuesday-Blitz-October-03-2023"]
[Site "Chess.com"]
[Date "2023.10.03"]
[Round "3"]
[White "GM_dmitrij"]
[Black "chessajedrezz2020"]
[Result "1-0"]
[WhiteElo "3056"]
[BlackElo "2722"]
[TimeControl "180+1"]
[EndTime "14:26:31 PDT"]
[Termination "GM_dmitrij won on time"]

1. c4 e5 2. g3 Nf6 3. Bg2 Be7 4. Nc3 O-O 5. Nf3 d6 6. d4 Nbd7 7. O-O c6 8. Qc2 Re8 9. Rd1 Qc7 10. Rb1 Bf8 11. dxe5 Nxe5 12. b3 Bg4 13. Bb2 Nxf3+ 14. Bxf3 Bxf3 15. exf3 Re6 16. Rd2 Rae8 17. Rbd1 Qa5 18.
Kg2 Qh5 19. Ne2 Qa5 20. Nf4 Re5 21. Bc3 Qb6 22. Bxe5 dxe5 23. Ne2 g6 24. Nc3 Qa5 25. Ne4 Nxe4 26. Qxe4 Bc5 27. Re2 Re7 28. Qd3 Kg7 29.
Qd8 Qc3 30. Qd2 Qxd2 31. Rdxd2 a5 32. f4 e4 33. Rd8 Bb4 34. Rc2 h5 35. Rc1 Bc5 36.
Rcd1 e3 37. fxe3 Rxe3 38. R1d2 Rc3 39. R8d7 b6 40. Rc7 Be3 41. Rdd7 Rc2+ 42. Kf3 Bc5 43.
Rxf7+ Kg8 44. Rg7+ Kf8 45. Rxg6 Rf2+ 46. Ke4 1-0

[Event "Late-Titled-Tuesday-Blitz-October-03-2023"]
[Site "Chess.com"]
[Date "2023.10.03"]
[Round "3"]
[White "Garmendiarov"]
[Black "babero_gordo"]
[Result "1-0"]
[WhiteElo "2311"]
[BlackElo "1923"]
[TimeControl "180+1"]
[EndTime "14:26:31 PDT"]
[Termination "Garmendiarov won by checkmate"]

1. e4 c5 2. Nf3 e6 3. b3 b6 4.
Bb2 Bb7 5. Nc3 Nf6 6. d3 Qc7 7. g3 a6 8. a4 d6 9. Bg2 Nbd7 10. O-O Be7 11. Re1 O-O 12. d4 cxd4 13. Nxd4 Rac8 14. Qd2 Qb8 15. Rad1 Qa8 16. h3 Rfd8 17. g4 d5 18. e5 Ne4 19. Nxe4 dxe4 20. Qf4 Bb4 21. Re2 Nc5 22. c3 Bxc3 23. Bxc3 Nd3 24. Qd2 Nxe5 25. Qe3 Nd3 26. Ba1 e5 27. Nf5 Nf4 28. Ne7+ Kf8 29. Red2 Kxe7 30. Bxe5 Nd3 31. Bxg7 Bd5 32. Qg5+ Ke8 33.
Rxd3 exd3 34. Qe5+ Be6 35. Bxa8 Rxa8 36. Bf6 Rd5 37.
Qc7 Rc8 38. Qe7# 1-0

[Event "Late-Titled-Tuesday-Blitz-October-03-2023"]
[Site "Chess.com"]
[Date "2023.10.03"]
[Round "3"]
[White "AleksandrAleksikov"]
[Black "scandalgod"]
[Result "0-1"]
[WhiteElo "2199"]
[BlackElo "2481"]
[TimeControl "180+1"]
[EndTime "14:26:32 PDT"]
[Termination "scandalgod won on time"]

1. e4 e5 2. Nf3 Nc6 3. c3 d5 4. Qa4 f6 5. Bb5 Ne7 6. exd5 Qxd5 7. d4 Bg4 8. c4 Qe4+ 9. Be3 Bxf3 10. Nd2 Bd1 11.
Nxe4 Bxa4 12. Bxa4 exd4 13. Bxd4 O-O-O 14. Bc3 Nf5 15. Bxc6 bxc6 16. Rd1 Re8 17. f3 Nd6 18. Kd2 Nxe4+ 19.
fxe4 Rxe4 20. Kd3 Rg4 21. g3 Bd6 22. b3 h5 23. Rhg1 h4 24. gxh4 Rhxh4 25. Rxg4 Rxg4 26. Rd2 Kd7 27. Bd4 Rh4 28. Bg1 c5 29. Rg2 g5 30.
Rf2 Ke6 31. Re2+ Kf5 32. a3 Rh3+ 33. Kc2 Rf3 34. Rf2 Rxf2+ 35. Bxf2 Bxh2 36. Bxc5 a6 37. b4 Ke4 38. b5 axb5 39. cxb5 Kd5 40. Be3 Kc4 41.
b6 cxb6 42. Bxb6 Be5 43. a4 f5 44. a5 Kb5 45. Bd8 g4 46. Kd3 f4 47. Ke4 Bb8 0-1

[Event "Late-Titled-Tuesday-Blitz-October-03-2023"]
[Site "Chess.com"]
[Date "2023.10.03"]
[Round "3"]
[White "talaicito"]
[Black "Vegan4future"]
[Result "0-1"]
[WhiteElo "2170"]
[BlackElo "2409"]
[TimeControl "180+1"]
[EndTime "14:26:32 PDT"]
[Termination "Vegan4future won on time"]

1. d4 d5 2. Nc3 Nc6 3. Bf4 e5 4. dxe5 d4 5. Ne4 f5 6. exf6 Nxf6 7. Ng3 Nd5 8. Bd2 Bg4 9. h3 Be6 10. Nf3 Bd6 11. Ng5 Bxg3 12. fxg3 Qd6 13. Bf4 Nxf4 14. gxf4 Qxf4 15. Nxe6 Qg3+ 16. Kd2 Qe3+ 17. Ke1 Qxe6 18. Qd2 O-O 19. g3 Qd5 20. Rg1 Rae8 21. Bg2 Qe5 22. Bxc6 bxc6 23. a4 c5 24. Ra3 c4 25. Kd1 Qd5 26. a5 Re4 27. Rf3 Rfe8 28. Rf2 h6 29. Rgf1 c3 30. bxc3 Qxa5 31. Qd3 dxc3 0-1

[Event "Late-Titled-Tuesday-Blitz-October-03-2023"]
[Site "Chess.com"]
[Date "2023.10.03"]
[Round "3"]
[White "Chempiblinka"]
[Black "Brown_Mamba24"]
[Result "0-1"]
[WhiteElo "2286"]
[BlackElo "2657"]
[TimeControl "180+1"]
[EndTime "14:26:33 PDT"]
[Termination "Brown_Mamba24 won by resignation"]

1. Nf3 c5 2. c4 g6 3. g3 Nc6 4.
Bg2 Bg7 5. O-O d6 6. Nc3 e6 7. d4 cxd4 8. Nb5 e5 9. e3 a6 10. Na3 dxe3 11. Bxe3 Nge7 12. Rb1 Bf5 13. Rc1 O-O 14. Qd2 Be4 15. Nc2 Nf5 16. Bg5 f6 17. Be3 d5 18. Bc5 Re8 19. cxd5 Qxd5 20. Qxd5+ Bxd5 21. Rfd1 Rad8 22. b3 Bf8 23. Bb6 Rd7 24. g4 Ng7 25. Ng5 Nd4 26. Nxd4 Bxg2 27. Kxg2 exd4 28.
Nf3 d3 29. Rc3 Ne6 30. Be3 Red8 31. Bb6 Nf4+ 32. Kg3 Ne2+ 33. Kg2 Nxc3 34. Bxd8 Nxd1 35. Bxf6 d2 36. Bg5 Ne3+ 37. Bxe3 d1=Q 38. Ne5 Qd5+ 39. Nf3 Rf7 0-1

[Event "Late-Titled-Tuesday-Blitz-October-03-2023"]
[Site "Chess.com"]
[Date "2023.10.03"]
[Round "3"]
[White "HalfIsCrayfish"]
[Black "GMForgacs"]
[Result "0-1"]
[WhiteElo "2601"]
[BlackElo "2450"]
[TimeControl "180+1"]
[EndTime "14:26:34 PDT"]
[Termination "GMForgacs won by resignation"]

1. e4 e5 2. Nf3 Nc6 3. Nc3 Nf6 4.
Bc4 Nxe4 5. Nxe4 d5 6. Bd3 dxe4 7. Bxe4 Bd6 8. O-O O-O 9. h3 f5 10. Bd5+ Kh8 11. d4 e4 12. Bxc6 bxc6 13. Ne5 c5 14.
Bf4 cxd4 15. Qxd4 Qf6 16. Rfd1 Be6 17. c4 Rad8 18. c5 Be7 19. Qc3 h6 20. Nc6 Rxd1+ 21. Rxd1 Qxc3 22. bxc3 Bxc5 23. a4 g5 24. Bxc7 e3 25.
Be5+ Kg8 26. Bd4 exf2+ 27. Kxf2 Bxd4+ 28. Nxd4 Bd5 29. Rb1 Be4 30. Rb5 Rc8 31. Ra5 Rxc3 32. Rxa7 Ra3 33. Ne6 Ra2+ 34. Ke3 Bxg2 35. h4 f4+ 36. Kd3 f3 37. hxg5 f2 38. Ra8+ Bxa8 0-1

[Event "Late-Titled-Tuesday-Blitz-October-03-2023"]
[Site "Chess.com"]
[Date "2023.10.03"]
[Round "3"]
[White "Likvidator228"]
[Black "emeli_chess"]
[Result "1-0"]
[WhiteElo "2570"]
[BlackElo "2367"]
[TimeControl "180+1"]
[EndTime "14:26:34 PDT"]
[Termination "Likvidator228 won by resignation"]

1. d4 Nf6 2. Nf3 d5 3. Bf4 e6 4. e3 Bd6 5. Bg3 O-O 6. c4 c5 7. Nc3 Qc7 8. cxd5 exd5 9. Bxd6 Qxd6 10. dxc5 Qxc5 11. Be2 Nc6 12. O-O Bg4 13. h3 Bxf3 14. Bxf3 d4 15. Na4 Qd6 16. Bxc6 bxc6 17. Qxd4 Qxd4 18.
exd4 Rad8 19. Rfd1 Rd6 20. Rac1 Rfd8 21. b3 Kf8 22.
Rc4 Nd5 23. Kf1 Nb6 24. Nxb6 axb6 25. a4 c5 26. Ke2 cxd4 27. Kd3 Rd5 28. Rc6 g6 29.
Rxb6 Rc5 30. b4 Rc3+ 31. Ke4 d3 32. Rd2 Rc4+ 33. Ke3 Rdd4 34. Rxd3 Re4+ 35. Kf3 Rxb4 36. Rxb4 Rxb4 37. Ra3 Rb6 38. a5 Ra6 39. Ke4 Ke7 40.
Kd5 Kd7 41. Kc5 Kc7 42. Kb5 Kb7 43. Re3 Rf6 44. Re7+ Kb8 45. f3 Rf5+ 46. Kb6 Rf6+ 47. Kc5 Rf5+ 48. Kd6 Rxa5 49. Rxf7 Rg5 50. g4 h5 51. Ke6 hxg4 52. hxg4 Kc8 53. Kf6 Rc5 54.
Kxg6 Kd8 55. f4 Ke8 56. Rf6 Ke7 57. g5 1-0

[Event "Late-Titled-Tuesday-Blitz-October-03-2023"]
[Site "Chess.com"]
[Date "2023.10.03"]
[Round "3"]
[White "Mykola-Bortnyk"]
[Black "jaskol95"]
[Result "1-0"]
[WhiteElo "2948"]
[BlackElo "2638"]
[TimeControl "180+1"]
[EndTime "14:26:35 PDT"]
[Termination "Mykola-Bortnyk won by resignation"]

1. e4 d5 2. exd5 Nf6 3. Nc3 Nxd5 4. Bc4 Nb6 5. Bb3 Nc6 6. Nf3 Bf5 7. O-O e6 8. d4 Be7 9. Bf4 O-O 10. h3 Nd5 11.
Bg3 Nxc3 12. bxc3 Bd6 13. Qe2 Bxg3 14. fxg3 Qd6 15. g4 Bg6 16. Rae1 Rad8 17. h4 h5 18. Ng5 Qg3 19. gxh5 Bf5 20. Qf2 Qxf2+ 21. Rxf2 Bg4 22. Rf4 Bxh5 23. g4 Bg6 24. h5 Bh7 25. Rxf7 Rxf7 26.
Bxe6 Rf8 27. Bxf7+ Rxf7 28. Re8+ Rf8 29. Rxf8+ Kxf8 30. Nxh7+ Ke7 31. Kf2 Nd8 32. Ng5 c5 33. Ke3 cxd4+ 34.
cxd4 Kf6 35. Kf4 Nc6 36. Ne4+ Ke6 37. c3 Ne7 38. c4 Kf7 39. d5 Nc8 40. Ke5 Nb6 41. Kd4 Nd7 42. c5 a6 43. c6 bxc6 44.
dxc6 Nb6 45. Kc5 Na4+ 46. Kd6 Nb6 47. c7 Nc8+ 48. Kd7 Nb6+ 49. Kc6 Nc8 50. Nd6+ Nxd6 51. Kxd6 1-0

[Event "Late-Titled-Tuesday-Blitz-October-03-2023"]
[Site "Chess.com"]
[Date "2023.10.03"]
[Round "3"]
[White "nihalsarin"]
[Black "carokannlover213"]
[Result "1-0"]
[WhiteElo "3068"]
[BlackElo "2730"]
[TimeControl "180+1"]
[EndTime "14:26:38 PDT"]
[Termination "nihalsarin won by resignation"]

1. a3 e5 2. c4 c6 3. d4 exd4 4. Qxd4 d5 5. Nc3 Nf6 6. Bf4 Na6 7. cxd5 cxd5 8. e3 Bc5 9. Bb5+ Bd7 10. Qe5+ Kf8 11.
Nge2 Bxb5 12. Nxb5 Qe8 13. Qxe8+ Kxe8 14. O-O Kd7 15.
Rfd1 Rac8 16. Nec3 Ke6 17. Na4 Nh5 18. Nxc5+ Rxc5 19. Nd4+ Kd7 20. Be5 f6 21. Bg3 Nxg3 22. hxg3 g6 23.
g4 Rhc8 24. g3 Ke7 25. Kg2 Kf7 26. Rh1 Kg8 27. Rad1 R5c7 28. Nb5 Rc5 29. Nxa7 Ra8 30. b4 Rc2 31. Nb5 Nc7 32. Nxc7 Rxc7 33. Rxd5 Rxa3 34.
Rhd1 b6 35. Rd8+ Kg7 36. R1d7+ Rxd7 37. Rxd7+ Kh6 38. Rb7 Kg5 39. Rxb6 Rb3 40. Kh3 Rb2 41. f4+ Kh6 42. Rxf6 Rxb4 43. Rf7 g5 44. Rf5 gxf4 45. gxf4 Rb3 46. Re5 Rc3 47. g5+ Kg6 48. Kg4 Kg7 49.
Re7+ 1-0

[Event "Late-Titled-Tuesday-Blitz-October-03-2023"]
[Site "Chess.com"]
[Date "2023.10.03"]
[Round "3"]
[White "esskeettit"]
[Black "matagordo"]
[Result "0-1"]
[WhiteElo "2464"]
[BlackElo "2220"]
[TimeControl "180+1"]
[EndTime "14:26:40 PDT"]
[Termination "matagordo won by resignation"]

1. d4 e6 2. c4 Nf6 3. Nc3 Bb4 4.
Qc2 d5 5. cxd5 exd5 6. Bg5 c6 7. e3 h6 8. Bh4 O-O 9. Bd3 Nbd7 10. Ne2 Re8 11. O-O Be7 12. f3 Nh5 13. Bf2 Bh4 14. Ng3 Qg5 15. Nxh5 Qxh5 16. e4 Nf6 17. e5 Nd7 18. g3 Be7 19. f4 b5 20. Be2 Qh3 21.
f5 Bf8 22. Be3 b4 23. Nd1 c5 24. Nf2 cxd4 25. Nxh3 dxe3 26. e6 fxe6 27. fxe6 Rxe6 28. Nf4 Re8 29. Bh5 Re5 30. Bg6 Nf6 31. Nd3 Rg5 32.
Rxf6 gxf6 33. Nf4 Bd6 34. Bh7+ Kg7 35. Bd3 Bxf4 36. Qc6 Rb8 37. Qxd5 Rxd5 0-1

[Event "Late-Titled-Tuesday-Blitz-October-03-2023"]
[Site "Chess.com"]
[Date "2023.10.03"]
[Round "3"]
[White "Manukyan_Artak"]
[Black "drdaro"]
[Result "1-0"]
[WhiteElo "2527"]
[BlackElo "2245"]
[TimeControl "180+1"]
[EndTime "14:26:41 PDT"]
[Termination "Manukyan_Artak won on time"]

1. e4 d5 2. exd5 Nf6 3. Nc3 Nxd5 4. Bc4 c6 5. Qf3 Be6 6. Nge2 Qd7 7. h3 Nxc3 8. Bxe6 Qxe6 9. dxc3 g6 10. O-O Bg7 11. Bg5 O-O 12. Rfe1 f6 13. Nd4 Qf7 14. Bd2 e5 15.
Nb3 Nd7 16. Na5 Rab8 17. c4 f5 18. Qa3 e4 19. Bc3 Ne5 20. c5 g5 21. Qb3 Rfd8 22.
Rad1 Rd5 23. Rxd5 cxd5 24. c6 b6 25. c7 Rc8 26. Bxe5 Bxe5 27. Nc6 Bxc7 28. Nxa7 Re8 29. Nb5 Bb8 30. Rd1 Rd8 31. Nd4 Qc7 32. g3 Qe5 33.
Qxb6 1-0

[Event "Late-Titled-Tuesday-Blitz-October-03-2023"]
[Site "Chess.com"]
[Date "2023.10.03"]
[Round "3"]
[White "Metadast"]
[Black "IPAchess"]
[Result "1-0"]
[WhiteElo "2539"]
[BlackElo "2320"]
[TimeControl "180+1"]
[EndTime "14:26:43 PDT"]
[Termination "Metadast won on time"]

1. e4 e5 2. f4 exf4 3. Nf3 Nf6 4. e5 Nh5 5. d4 d5 6. c4 Nc6 7. Nc3 Bb4 8. a3 Bxc3+ 9. bxc3 O-O 10. Bd3 f6 11.
O-O fxe5 12. Nxe5 Nxe5 13. dxe5 Qh4 14. cxd5 f3 15. Ra2 Bg4 16. Qe1 Qe7 17. c4 fxg2 18.
Rxf8+ Rxf8 19. Rxg2 Bh3 20. Qe4 Bf5 21. Qd4 c5 22. d6 Qe6 23. Bxf5 Qxf5 24. Qd5+ Kh8 25.
Qd1 Qxe5 26. d7 g6 27. Re2 Qf5 28. Bb2+ Ng7 29. d8=Q Qg4+ 30. Kh1 Qf3+ 31. Rg2 Rxd8 32. Qxd8+ 1-0

[Event "Late-Titled-Tuesday-Blitz-October-03-2023"]
[Site "Chess.com"]
[Date "2023.10.03"]
[Round "3"]
[White "Korchmar_Vasiliy"]
[Black "rdarruda"]
[Result "1-0"]
[WhiteElo "2704"]
[BlackElo "2474"]
[TimeControl "180+1"]
[EndTime "14:26:44 PDT"]
[Termination "Korchmar_Vasiliy won by resignation"]

1. e4 c5 2. d4 cxd4 3. Qxd4 Nc6 4. Qd3 Nf6 5. Nc3 d6 6. Nf3 g6 7. Be2 Bg7 8. O-O O-O 9. Nd5 b6 10. c3 Bb7 11. Bg5 Nxd5 12. exd5 Ne5 13. Nxe5 Bxe5 14.
h4 Re8 15. h5 Qd7 16. Rad1 Rac8 17. Bh6 Rc5 18. Bf3 Qa4 19. a3 Qh4 20. g3 Qh3 21.
Be3 Rcc8 22. Qe2 f5 23. Bg2 Qxh5 24. Qxh5 gxh5 25. f4 Bf6 26. Bf3 h4 27. gxh4 Bxh4 28. Bd4 Bf6 29. Bxf6 exf6 30. Kf2 Rc7 31. Rh1 Rg7 32.
Rh6 Rf8 33. Re1 Bc8 34. c4 Bd7 35. b4 Rg6 36. Rh5 Rg7 37. Rh6 Rg6 38. Rh5 Rg7 39. Rc1 Rc8 40. Rh6 Rg6 41. Rh5 Rg7 42. Be2 Re8 43.
Bd3 Rg4 44. Kf3 Rg7 45. Bxf5 Bxf5 46. Rxf5 Rge7 47. Rxf6 Re3+ 48. Kg4 Rxa3 49. Rxd6 Rae3 50. c5 bxc5 51. bxc5 Kf7 52. c6 Rg8+ 53. Kf5 Rf8 54. Rf6+ Ke7 55. Rxf8 Kxf8 56. c7 1-0